 Dungeon Crawl Stone Soup version 0.29.1-13-g9f3cf754e1 (webtiles) character file.

Game seed: 14980388455048026638

30 Ast3rio the Grave Robber (level 3, 0/19 HPs)
             Began as a Vampire Necromancer on Feb 8, 2023.
             Was a Follower of Okawaru.
             Slain by a jackal (1 damage)
             ... on level 2 of the Dungeon.
             The game lasted 00:08:26 (927 turns).

Ast3rio the Grave Robber (Vampire Necromancer)       Turns: 927, Time: 00:08:26

Health: 0/19       AC:  0    Str:  5 (7)  XL:     3   Next: 3%
Magic:  6/6        EV: 19    Int: 17 (19) God:    Okawaru [*.....]
Gold:   68         SH:  0    Dex: 17 (19) Spells: 5/6 levels left

rFire   . . .      SeeInvis +     - Unarmed
rCold   + + .      Faith    .   (shield currently unavailable)
rNeg    + + +      Spirit   .   (body armour currently unavailable)
rPois   ∞          Reflect  .   (helmet currently unavailable)
rElec   .          Harm     .   (cloak currently unavailable)
rCorr   .          Rampage  .   (gloves currently unavailable)
Will    .....                   (boots currently unavailable)
Stlth   +++++.....              (no amulet)
HPRegen 0.00/turn               (ring currently unavailable)
MPRegen 0.10/turn               (ring currently unavailable)

@: bat-form, flying, bloodless, inhibited regen, very quick
A: fast, flying, no casting, tiny, bloodless, fangs 3, see invisible, vampiric 2
a: Revivify, End Transformation, Renounce Religion, Heroism


You were on level 2 of the Dungeon.
You worshipped Okawaru.
Okawaru was aware of your devotion.
You were a vampire bat.
You visited 1 branch of the dungeon, and saw 2 of its levels.

You collected 68 gold pieces.

Inventory:

Armour
 a - a +0 robe (melded)
 d - a +0 pair of boots (melded)
Jewellery
 c - a ring of fire (melded)
Scrolls
 e - a scroll of identify {unknown}
 h - a scroll of noise {unknown}
Potions
 b - a potion of magic
 f - a potion of mutation {unknown}
 g - a potion of brilliance {unknown}


   Skills:
 + Level 2.5 Dodging
 + Level 3.4 Stealth
 + Level 1.0 Unarmed Combat
 + Level 2.1 Spellcasting
 + Level 4.8 Necromancy


You had 5 spell levels left.
You knew the following spells:

 Your Spells              Type           Power      Damage    Failure   Level
a - Necrotise             Necr           72%        1d7       2%          1

Your spell library contained the following spells:

 Spells                   Type           Power      Damage    Failure   Level
 Vampiric Draining        Necr           18%        2d7       8%          3
 Stone Arrow              Conj/Erth      2%         3d7       50%         3
 Agony                    Necr           18%        N/A       58%         5
 Lehudib's Crystal Spear  Conj/Erth      0%         10d2      100%        8
 Animate Dead             Necr           Unusable   N/A       N/A         4
 Animate Armour           Summ/Erth      Unusable   N/A       N/A         4

Dungeon Overview and Level Annotations

Branches:
Dungeon (2/15)

Altars:
Okawaru


Innate Abilities, Weirdness & Mutations

You are a vampire bat.
You are tiny and dextrous.
You move quickly.
You are flying.
You are immune to poison.
Your equipment is almost entirely melded.
You are incapable of wielding weapons or throwing items.
You cannot cast spells.
You do not regenerate when monsters are visible.
You are frail without blood (-20% HP).
You can heal yourself when you bite living creatures.
You are immune to poison.
You have razor-sharp teeth.
You have supernaturally acute eyesight. (SInv)
You are afflicted with vampirism and can become a bat while bloodless.


Message History

You closely miss the jackal.
The jackal is severely wounded.
The jackal misses you. The jackal barely misses you.
You hit the jackal but do no damage. Your bite misses the jackal.
The jackal is severely wounded.
The jackal bites you. The jackal completely misses you.
The jackal barely misses you. The jackal bites you.
You closely miss the jackal.
The jackal is severely wounded.
The jackal closely misses you. x2
You hit the jackal but do no damage.
The jackal is severely wounded.
The jackal closely misses you. The jackal barely misses you. x2
The jackal misses you.
You barely miss the jackal.
The jackal is severely wounded.
The jackal misses you. x2
You hit the jackal but do no damage.
The jackal is severely wounded.
The jackal completely misses you. The jackal closely misses you.
You barely miss the jackal.
The jackal is severely wounded.
The jackal completely misses you. x2; The jackal bites you.
The jackal misses you.
You hit the jackal but do no damage.
The jackal is severely wounded.
The jackal barely misses you. The jackal bites you.
You hit the jackal but do no damage.
The jackal is severely wounded.
The jackal bites you.
* * * LOW HITPOINT WARNING * * *
The jackal bites you.
* * * LOW HITPOINT WARNING * * *
The jackal misses you.
You hit the jackal but do no damage. The jackal bites you.
* * * LOW HITPOINT WARNING * * *
The jackal misses you. The jackal closely misses you.
You barely miss the jackal. The jackal completely misses you.
The jackal bites you.
You die...

#######.#######.#
#... #.# #.# #####
#.# #+## #.# #...##
###.# #.....#
##.#.# ##.......
##....###..$.....
#.......'hh).....
##....###b.......
#####.#.####....[..
.........# #.....#
.######..# #...##
#.....# #+##
#.###.# # .# .. ..#


You could see 2 jackals.

Vanquished Creatures
  A dart slug (D:2)
  2 endoplasms (D:1)
  A giant cockroach (D:1)
  2 goblins (D:1)
  2 hobgoblins (D:1)
  3 jackals (D:1)
  2 kobolds (D:1)
  2 quokkas (D:1)
  3 ball pythons (D:1)
  2 bats (D:1)
  3 rats (D:1)
23 creatures vanquished.

Notes
Turn   | Place    | Note
-------+----------+-------------------------------------------
     0 | D:1      | Ast3rio the Vampire Necromancer began the quest for the
                  | Orb.
     0 | D:1      | Reached XP level 1. HP: 13/13 MP: 3/3
   159 | D:1      | Reached XP level 2. HP: 10/19 MP: 5/5
   452 | D:1      | Found a faded altar of an unknown god.
   483 | D:1      | Prayed at the altar of an unknown god.
   483 | D:1      | Became a worshipper of Warmaster Okawaru
   483 | D:1      | Reached * piety under Okawaru
   698 | D:1      | Reached skill level 1 in Unarmed Combat
   840 | D:2      | Gained mutation: You are afflicted with vampirism and can
                  | become a bat while bloodless. [Vampire growth]
   840 | D:2      | Reached XP level 3. HP: 19/24 MP: 4/6
   927 | D:2      | Slain by a jackal

Illustrated notes

Levels and vault maps discovered:
D:1:      roderic_crossed_star, layout_basic, hellmonk_ecumenical_altar_zigzags
D:2:      layout_loops_corners

Skill      XL: |  1  2 |
---------------+-------+-----
Unarmed Combat | 1 |  1.0
Dodging        | |  2.5
Stealth        | |  3.4
Spellcasting   | |  2.1
Necromancy     | |  4.8

Action                   || total
-------------------------++-------
Melee: Unarmed           ||   155
       Bite              ||    18
       Punch             ||     2
 Cast: Necrotise         ||    13
 Abil: Bat Form          ||     1
       Exsanguinate      ||     1
 Stab: Sleeping          ||     2
       Distracted        ||     1
Armor: Robe              ||    34
Dodge: Dodged            ||   147
